 Dungeon Crawl Stone Soup version 0.27-a0-1312-g5cdb2b3542 (webtiles) character file.

Game seed: 1679656185940103217

868 HoaS the Grappler (level 7, 0/53 HPs)
             Began as a Demigod Gladiator on June 20, 2021.
             Slain by a killer bee (2 damage)
             ... on level 5 of the Dungeon.
             The game lasted 00:09:01 (4504 turns).

HoaS the Grappler (Demigod Gladiator)               Turns: 4504, Time: 00:09:01

Health: 0/53       AC: 10    Str: 23    XL:     7   Next: 44%
Magic:  9/9        EV:  8    Int: 10    God:
Gold:   129        SH:  0    Dex: 15    Spells: 6/6 levels left

rFire    + . .     SeeInvis .     - Unarmed
rCold    + . .     Faith    .   (no shield)
rNeg     . . .     Spirit   .   n - +0 chain mail
rPois    .         Reflect  .   b - +0 helmet
rElec    .         Harm     .   i - +0 cloak
rCorr    .         Rampage  .   (no gloves)
Will     .....                  (no boots)
Stlth    ..........             (no amulet)
HPRegen  0.17/turn              p - ring of protection from cold
MPRegen  0.11/turn              s - ring of protection from fire

@: lethally poisoned (0 -> -2)
A: high mp 1, forlorn
a: no special abilities


You were on level 5 of the Dungeon.
You visited 1 branch of the dungeon, and saw 5 of its levels.

You collected 129 gold pieces.

Inventory:

Missiles
 c - 3 throwing nets (quivered)
 e - a curare-tipped dart
 h - 13 poisoned darts
Armour
 b - a +0 helmet (worn)
 i - a +0 cloak (worn)
 n - a +0 chain mail (worn)
Jewellery
 p - a ring of protection from cold (left hand)
 s - a ring of protection from fire (right hand)
Wands
 a - a wand of mindburst (10)
Scrolls
 g - 2 scrolls of teleportation
 r - a scroll of identify
Potions
 d - a potion of mutation
 f - a potion of ambrosia
 k - 3 potions of flight
 l - a potion of cancellation
 o - 2 potions of resistance {unknown}
 q - a potion of curing


   Skills:
 - Level 1.7 Fighting
 - Level 1.7 Throwing
 - Level 2.6 Dodging
 * Level 8.5 Unarmed Combat


You had 6 spell levels left.
You didn't know any spells.
Your spell library contained the following spells:

 Spells                   Type           Power      Damage    Failure   Level
 Summon Small Mammal      Summ           0%         N/A       98%         1
 Call Imp                 Summ           0%         N/A       99%         2
 Call Canine Familiar     Summ           0%         N/A       100%        3
 Summon Guardian Golem    Hex/Summ       0%         N/A       100%        3
 Summon Ice Beast         Ice/Summ       0%         N/A       100%        4
 Summon Lightning Spire   Summ/Air       0%         N/A       100%        4


Dungeon Overview and Level Annotations

Branches:
Dungeon (5/15)
 Temple: D:4-7


Innate Abilities, Weirdness & Mutations

Your attributes grow dramatically as you level up.
You have an increased reservoir of magic. (+10% MP)
You shall have no god before yourself.


Message History

The killer bee closely misses you.
You barely miss the killer bee.
The killer bee is heavily wounded.
The killer bee stings you!
The killer bee stings you but does no damage.
You completely miss the killer bee.
The killer bee is heavily wounded.
The killer bee stings you.
* * * LOW HITPOINT WARNING * * *
The killer bee misses you.
You pummel the killer bee!!
You kill the killer bee!
You swing at nothing.
You swing at nothing.
You start resting.
You feel a little less mighty now.
You start resting.
A killer bee comes into view.
The killer bee buzzes angrily.
You miss the killer bee.
The killer bee stings you but does no damage.
You miss the killer bee. The killer bee stings you! The killer bee stings you.
* * * LOW HITPOINT WARNING * * *
You are poisoned.
The killer bee poisons you!
You closely miss the killer bee.
You feel sick.
The killer bee stings you but does no damage. x2
You punch the killer bee!
The killer bee is heavily wounded.
You feel sick. The killer bee stings you.
* * * LOW HITPOINT WARNING * * *
You barely miss the killer bee.
The killer bee is heavily wounded.
The killer bee completely misses you.
The killer bee stings you but does no damage.
You hit the killer bee.
The killer bee is severely wounded.
* * * LOW HITPOINT WARNING * * *
You feel sick. The killer bee stings you.
You die...

#.## .. ##'## #.
.## #.# #.# #. ##
.# #.# #.
#######.## ..
.........## ##
#####.....# #
##...##.##
#..#######..##...#
#.....@y.†........
##.#######..##...#
#..# .## #..#
.yy.y...<#
##y......#
#.#####.. .. ..#
...


You could see a killer bee.

Vanquished Creatures
  2 ogres
  A kobold brigand (D:5)
  A scorpion (D:5)
  2 water moccasin zombies (D:5)
  4 killer bees (D:5)
  A water moccasin skeleton (D:4)
  A howler monkey (D:3)
  A hound (D:4)
  A jelly (D:5)
  Jessica (D:2)
  A howler monkey skeleton (D:5)
  3 adders
  An ufetubus (D:4)
  3 orcs
  2 ball pythons
  5 bats
  4 endoplasms
  4 giant cockroaches
  7 goblins
  6 hobgoblins
  10 jackals
  17 kobolds
  4 quokkas
  2 frilled lizards
  7 rats
91 creatures vanquished.

Vanquished Creatures (others)
  A scorpion (D:3)
  A ball python (D:3)
  A giant cockroach (D:3)
  A hobgoblin (D:3)
  A bat (D:3)
  2 rats (D:3)
  A withered plant (D:3)
8 creatures vanquished.

Grand Total: 99 creatures vanquished

Notes
Turn   | Place    | Note
-------+----------+-------------------------------------------
     0 | D:1      | HoaS the Demigod Gladiator began the quest for the Orb.
     0 | D:1      | Reached XP level 1. HP: 17/17 MP: 3/3
   248 | D:1      | Reached skill level 3 in Unarmed Combat
   516 | D:1      | Reached XP level 2. HP: 20/24 MP: 4/4
  1253 | D:2      | Reached XP level 3. HP: 29/29 MP: 5/5
  1296 | D:2      | Reached skill level 4 in Unarmed Combat
  1712 | D:2      | Noticed Jessica
  1713 | D:2      | Killed Jessica
  1714 | D:2      | Reached XP level 4. HP: 34/36 MP: 6/6
  1974 | D:3      | Reached skill level 5 in Unarmed Combat
  2160 | D:3      | Noticed an ogre
  2174 | D:3      | Killed an ogre
  2175 | D:3      | Reached XP level 5. HP: 41/41 MP: 7/7
  2325 | D:3      | Reached skill level 6 in Unarmed Combat
  3112 | D:4      | Reached XP level 6. HP: 27/48 MP: 8/8
  3621 | D:5      | Entered Level 5 of the Dungeon
  3678 | D:5      | Reached skill level 7 in Unarmed Combat
  4290 | D:5      | Reached XP level 7. HP: 53/53 MP: 9/9
  4352 | D:5      | Reached skill level 8 in Unarmed Combat
  4504 | D:5      | HP: 2/53 [poisoned by a killer bee]
  4504 | D:5      | Slain by a killer bee

Illustrated notes

Levels and vault maps discovered:
D:1:      lemuel_arrival_river_ford, layout_loops_cross, minmay_misc_feat_alley,
          st_stairs_6
D:2:      layout_rooms, uniq_jessica
D:3:      layout_basic, xom_confusion_cloud, serial_co_window_serial,
          co_window_corner_a, co_window_paths_a, co_window_paths_a,
          co_window_corner_a, co_window_paths_a, co_window_broadway_b,
          co_window_of_opportunity_c, co_window_broadway_b, co_window_4corner_a,
          glass_columns_b, glass_columns_c, glass_columns_a,
          ebering_ecumenical_altar_petrified, grunt_decor_cap
D:4:      cheibrodos_quashed, layout_cave_pools, lemuel_round_altar,
          chequers_temple_overflow_statue_of_worship
D:5:      layout_loops_corners

Skill      XL: |  1  2  3  4  5  6  7 |
---------------+----------------------+-----
Unarmed Combat | 3 4 5 6 7 8 |  8.5
Fighting       | |  1.7
Throwing       | |  1.7
Dodging        | |  2.6

Action                   |  1- 3 |  4- 6 |  7- 9 || total
-------------------------+-------+-------+-------++-------
Melee: Unarmed           |   155 |   189 |    41 ||   385
       Punch             |     3 |     9 |     1 ||    13
Throw: Throwing net      |       |     2 |       ||     2
Evoke: Wand              |     1 |       |       ||     1
  Use: Scroll            |     6 |     6 |       ||    12
       Potion            |       |     1 |     2 ||     3
 Stab: Held in net/web   |       |     3 |       ||     3
Armor: Leather armour    |    20 |       |       ||    20
       Ring mail         |    17 |    42 |       ||    59
       Chain mail        |       |    29 |    23 ||    52
Dodge: Dodged            |    91 |    81 |    23 ||   195

Table legend: (Time is in decaauts)
 A = Elapsed time spent in this place.
 B = Non-inter-level travel time spent in this place.
 C = Inter-level travel time spent in this place.
 D = Time resting spent in this place.
 E = Time spent auto-exploring this place.
 F = Levels seen in this place.
 G = Mean time per level.
                   A        B        C        D        E       F      G
               +--------+--------+--------+--------+--------+-----+--------+
         Total |   4470 |   4346 |    124 |   1229 |   2383 |   5 |  894.0 |
       Dungeon |   4470 |   4346 |    124 |   1229 |   2383 |   5 |  894.0 |
               +--------+--------+--------+--------+--------+-----+--------+

Top non-repeatable levels by time:
     D:1: 1142 daAuts
     D:3: 1065 daAuts
     D:5: 867 daAuts
     D:2: 796 daAuts
     D:4: 598 daAuts
